[Event "Early-Titled-Tuesday-Blitz-September-05-2023"]
[Site "Chess.com"]
[Date "2023.09.05"]
[Round "10"]
[White "Herzog2012"]
[Black "Keeper0416"]
[Result "1-0"]
[WhiteElo "2486"]
[BlackElo "2595"]
[TimeControl "180+1"]
[EndTime "9:56:15 PDT"]
[Termination "Herzog2012 won by checkmate"]

1. e4 a5 2. d4 c6 3. Nc3 d5 4. Nf3 g6 5. a4 Bg7 6. h3 dxe4 7.
Nxe4 Nd7 8. Bc4 Ngf6 9. Nxf6+ Nxf6 10. O-O O-O 11. c3 Nd5 12. Bg5 h6 13. Bh4 Re8 14. Re1 g5 15. Bg3 Bf5 16. Ne5 e6 17. Qb3 Qe7 18.
Qd1 Nb6 19. Bd3 Bxd3 20. Qxd3 Rad8 21. Qf3 Qf6 22. Qxf6 Bxf6 23. Ng4 Bg7 24. Bc7 Nc4 25. Bxd8 Rxd8 26. Re2 Kf8 27. Ne3 Nd6 28. Rd1 Ke7 29. d5 e5 30. dxc6 bxc6 31. Red2 Ke6 32. Nc4 Bf8 33.
Nxd6 Rxd6 34. Rxd6+ Bxd6 35. Kf1 c5 36. b3 f5 37. Ke2 e4 38. Ke3 Bf4+ 39. Ke2 Bd6 40. c4 Be7 41. Rd5 Bd6 42. f3 exf3+ 43. Kxf3 Be7 44. g4 f4 45. Ke4 Bd6 46. Rf5 Be7 47. Re5+ Kd6 48. Kf5 Kd7 49. Re6 Bd6 50. Re2 Be7 51.
Rd2+ Kc6 52. Ke6 Bf8 53. Re2 Bg7 54. Kf5 Bd4 55. Ke4 Kd6 56. Kf3 Be5 57. Rd2+ Bd4 58.
Ke4 Ke6 59. h4 Be3 60. Rh2 Kf6 61. hxg5+ Kxg5 62. Kf3 Kg6 63. Rh5 Kg7 64. Re5 Kg6 65. Re8 Kg7 66. Ra8 Bd2 67. Rb8 Kf6 68. Rb5 Bb4 69. Kxf4 Ke6 70. Rb6+ Kf7 71. Kf5 Kg7 72. Rg6+ Kf7 73. Rxh6 Kg7 74. Ra6 Kf7 75. Ra7+ Kg8 76. g5 Kf8 77. g6 Kg8 78. Kf6 Bc3+ 79. Ke6 Bb4 80. Kd5 Kf8 81. Rc7 Kg8 82. Rxc5 Kg7 83. Rb5 Kxg6 84. Rxb4 Kf6 85. Rb5 Ke7 86. c5 Kd7 87.
Rb7+ Kc8 88. c6 Kd8 89. Kd6 Kc8 90. Rb6 Kd8 91. Rb8# 1-0

[Event "Early-Titled-Tuesday-Blitz-September-05-2023"]
[Site "Chess.com"]
[Date "2023.09.05"]
[Round "10"]
[White "ckgchess"]
[Black "Bugcrusher"]
[Result "1/2-1/2"]
[WhiteElo "2853"]
[BlackElo "2366"]
[TimeControl "180+1"]
[EndTime "9:56:41 PDT"]
[Termination "Game drawn by repetition"]

1. e4 e6 2. d4 d5 3. Nc3 Bb4 4. e5 c5 5. a3 Bxc3+ 6. bxc3 Qa5 7. Bd2 Qa4 8. Qg4 Kf8 9. Nf3 b6 10. Qf4 Qxc2 11. c4 Qe4+ 12. Be2 Qxf4 13. Bxf4 Ne7 14.
Rc1 Nd7 15. O-O Ba6 16. Rfd1 Bxc4 17. Bxc4 dxc4 18. dxc5 Nxc5 19. Be3 Nd5 20. Bxc5+ bxc5 21. Rxc4 Rc8 22. Rdc1 Ke7 23. Rxc5 Rxc5 24. Rxc5 Rb8 25. g3 Rb3 26. Nd4 Rxa3 27. Rc8 Kd7 28. Rg8 g6 29.
Rf8 Ke7 30. Ra8 a5 31. Ra7+ Kf8 32. Nb5 Ne7 33. Nd6 g5 34. Ra8+ Kg7 35. Ra7 Kf8 36. Kg2 a4 37. Ra8+ Kg7 38. Ra7 Kf8 39. Ne4 h6 40. Nc5 Rc3 41. Nd7+ Kg7 42. Rxa4 Ng6 43.
f4 gxf4 44. gxf4 Nh4+ 45. Kf2 Nf5 46. Nf6 Rc2+ 47. Kf3 Rxh2 48. Ra8 h5 49. Rg8+ Kh6 50. Rh8+ Kg7 51. Rxh5 Rxh5 52. Nxh5+ Kg6 53. Nf6 Ne7 54. Kg4 Nf5 55. Ne4 Ne7 56. Nf2 Nf5 57. Ne4 Ne7 58. Nd6 Nf5 59. Nc4 Ne7 60. Nd2 Nf5 61.
Nf3 Ne7 62. Nh4+ Kg7 63. Kg5 Nd5 64. Nf3 Ne7 65. Nd4 Nd5 66. Kg4 Ne7 67. Kf3 Kg6 68. Ke4 Nd5 69. f5+ Kg7 70. fxe6 Nc3+ 71. Kd3 Nd5 72. Ke4 Nc3+ 73. Kd3 Nd5 74. Nf5+ Kf8 75. exf7 Kxf7 76. Ke4 Nc3+ 77. Kd4 Ne2+ 78. Ke3 Nc3 79. Kd4 Ne2+ 80. Kd5 Nf4+ 81. Kd6 Kg6 82. Nd4 Kf7 83. Kd7 Kg6 84. Kd6 Kf7 85. Nc6 Kg6 86. Ne7+ Kf7 87. Nd5 Ne6 88. Ne3 Nf4 89. Nf5 Kg6 90. Ng3 Kf7 91. Ne4 Kg6 92. Nc5 Kf7 93. Nb7 Kg6 94. Nd8 Kf5 95. Nc6 Kg6 96. Nd4 1/2-1/2

[Event "Early-Titled-Tuesday-Blitz-September-05-2023"]
[Site "Chess.com"]
[Date "2023.09.05"]
[Round "10"]
[White "Sibelephant"]
[Black "Shield12"]
[Result "1/2-1/2"]
[WhiteElo "3132"]
[BlackElo "2976"]
[TimeControl "180+1"]
[EndTime "9:58:02 PDT"]
[Termination "Game drawn by 50-move rule"]

1. Nf3 Nf6 2. g3 c5 3. Bg2 Nc6 4. c4 d5 5. cxd5 Nxd5 6. d4 cxd4 7. Nxd4 Ndb4 8. Nxc6 Qxd1+ 9. Kxd1 Nxc6 10. Nc3 Bd7 11. Be3 g6 12. Ke1 Bg7 13. Rc1 O-O 14. f4 Rac8 15.
Kf2 Be6 16. Rhd1 Rfd8 17. Rxd8+ Rxd8 18. b3 Bxc3 19. Rxc3 Bd5 20. Bf1 Be4 21. Ke1 f5 22.
Bc5 b6 23. Ba3 e5 24. e3 exf4 25. gxf4 a5 26. Bb5 Nb4 27. Ke2 Kg7 28. Bb2 Kh6 29.
Rc7 Rd5 30. Bc4 Bd3+ 31. Bxd3 Nxd3 32. Bg7+ Kh5 33. Bf6 h6 34. Rh7 Kg4 35. Rxh6 Nc1+ 36.
Ke1 Kf3 37. Rxg6 Kxe3 38. Rg3+ Ke4 39. Bg5 Nxa2 40. h4 Nb4 41. h5 Nc2+ 42. Kf2 Rd2+ 43. Kf1 Ne3+ 44. Kg1 Rd1+ 45. Kf2 Ng4+ 46. Ke2 Rh1 47.
h6 Rh2+ 48. Kf1 Nxh6 49. Kg1 Rh5 50. Rc3 Ng4 51. Bd8 Rh6 52. Rc4+ Kd3 53. Rc8 Ne3 54. Rb8 Nd5 55. Rb7 Kc3 56. Rd7 Rg6+ 57. Kf2 Nxf4 58. Ke3 Ng2+ 59. Kf2 Nf4 60. Ke3 Ne6 61. Bxb6 f4+ 62.
Kf2 Kxb3 63. Bxa5 Nc5 64. Rd5 Kc4 65. Rh5 Kd4 66. Bd2 Ne4+ 67. Kf3 Nxd2+ 68. Kxf4 Nc4 69. Kf5 Rb6 70. Kf4 Rf6+ 71. Rf5 Ra6 72. Rf8 Ra1 73.
Rd8+ Kc5 74. Ke4 Re1+ 75. Kf4 Nd6 76. Kf3 Kd5 77. Kf2 Re6 78. Kf3 Rf6+ 79. Ke3 Ke5 80. Rh8 Nc4+ 81. Kd3 Kd5 82. Rd8+ Nd6 83. Ke3 Re6+ 84.
Kd3 Rh6 85. Ke3 Ke5 86. Kf3 Rh3+ 87. Kg4 Rd3 88. Ra8 Rd4+ 89. Kf3 Rf4+ 90. Ke3 Rb4 91.
Ra5+ Ke6 92. Kd3 Rg4 93. Ke2 Rh4 94. Rg5 Nc4 95. Kd3 Ne5+ 96. Ke3 Rh3+ 97. Ke4 Nf3 98. Rg6+ Kf7 99. Ra6 Ng5+ 100. Kf5 Nh7 101. Ra7+ Kg8 102. Ra8+ Nf8 103. Kf6 Rh6+ 104. Ke7 Re6+ 105. Kd8 Rc6 106. Ke7 Re6+ 107. Kd8 Kf7 108. Kc7 Ke7 109. Ra1 Nd7 110. Rd1 Ne5 111. Rc1 Rg6 112. Re1 Rc6+ 113. Kb7 Re6 114. Kc7 Rc6+ 115. Kb7 Rc5 116. Kb6 Rd5 117. Kb7 Kd7 118. Rb1 1/2-1/2

[Event "Early-Titled-Tuesday-Blitz-September-05-2023"]
[Site "Chess.com"]
[Date "2023.09.05"]
[Round "11"]
[White "expii"]
[Black "GrumbleBruno"]
[Result "0-1"]
[WhiteElo "2262"]
[BlackElo "2437"]
[TimeControl "180+1"]
[EndTime "9:59:31 PDT"]
[Termination "GrumbleBruno won by resignation"]

1. e4 e5 2. Nf3 d5 3. exd5 e4 4. Qe2 Nf6 5. d3 Qxd5 6. Nc3 Bb4 7. Bd2 Bxc3 8. Bxc3 O-O 9. Bxf6 exf3 10. Qxf3 Qxf3 11.
gxf3 gxf6 0-1

[Event "Early-Titled-Tuesday-Blitz-September-05-2023"]
[Site "Chess.com"]
[Date "2023.09.05"]
[Round "11"]
[White "milovichalex"]
[Black "Jahonas"]
[Result "1-0"]
[WhiteElo "2293"]
[BlackElo "2367"]
[TimeControl "180+1"]
[EndTime "10:00:49 PDT"]
[Termination "milovichalex won by resignation"]

1. e4 c6 2. Nc3 d5 3. exd5 cxd5 4. d4 Nf6 5. Bf4 Nc6 6. Nb5 e5 7. dxe5 Ne4 8. Qxd5 Qxd5 9. Nc7+ Kd8 10. Nxd5 Bc5 11. Ne3 Bxe3 12. Bxe3 Nxe5 13. O-O-O+ Ke8 14. Re1 1-0

[Event "Early-Titled-Tuesday-Blitz-September-05-2023"]
[Site "Chess.com"]
[Date "2023.09.05"]
[Round "11"]
[White "Heinza9"]
[Black "Sjakkerntobi"]
[Result "1-0"]
[WhiteElo "2308"]
[BlackElo "2460"]
[TimeControl "180+1"]
[EndTime "10:00:57 PDT"]
[Termination "Heinza9 won by checkmate"]

1. e4 e6 2. c4 d5 3. cxd5 exd5 4. exd5 Nf6 5. Bb5+ Bd7 6. Bc4 Bd6 7. Nf3 O-O 8. O-O Bg4 9. h3 Bh5 10. Nc3 a6 11. d4 h6 12. g4 Bg6 13. Ne5 Bh7 14.
f4 Nbd7 15. Qf3 Nb6 16. Bb3 a5 17. a4 Bb4 18. g5 hxg5 19. fxg5 Ne8 20. Nxf7 Qe7 21. d6 Nxd6 22. Nxd6+ Kh8 23. Nf7+ Kg8 24. g6 Bxg6 25. Ne5+ Kh7 26. Nxg6 Kxg6 27. Bc2+ Rf5 28. Qxf5# 1-0

[Event "Early-Titled-Tuesday-Blitz-September-05-2023"]
[Site "Chess.com"]
[Date "2023.09.05"]
[Round "11"]
[White "qx4z"]
[Black "Aygehovit1992"]
[Result "1-0"]
[WhiteElo "2829"]
[BlackElo "2696"]
[TimeControl "180+1"]
[EndTime "10:01:28 PDT"]
[Termination "qx4z won by resignation"]

1. d4 Nf6 2. Bf4 g6 3. Nc3 d5 4.
e3 Bg7 5. h4 h5 6. Nf3 O-O 7.
Ne5 c5 8. Qd2 Nc6 9. f3 cxd4 10.
exd4 Qb6 11. O-O-O Be6 12. Na4 Qd8 13. Nc5 Nxe5 14.
Bxe5 Qc8 15. g4 hxg4 16. h5 b6 17. h6 Ne4 18. hxg7 1-0

[Event "Early-Titled-Tuesday-Blitz-September-05-2023"]
[Site "Chess.com"]
[Date "2023.09.05"]
[Round "11"]
[White "DarZay"]
[Black "Quattroporte300"]
[Result "0-1"]
[WhiteElo "2269"]
[BlackElo "2401"]
[TimeControl "180+1"]
[EndTime "10:02:09 PDT"]
[Termination "Quattroporte300 won by resignation"]

1. e4 c5 2. Nf3 d6 3. d4 cxd4 4. Nxd4 Nf6 5. Nc3 a6 6. Be2 e6 7. Be3 Be7 8. a4 O-O 9. f4 b6 10. O-O Bb7 11. Bf3 Nbd7 12. Nb3 Nc5 13. Nxc5 dxc5 14.
e5 Nd5 15. Nxd5 exd5 16. c3 Qd7 17. Qd3 Rad8 18. f5 d4 19. Rad1 Bxf3 20. Rxf3 Qxa4 21. cxd4 cxd4 22. Bxd4 Rxd4 23. Qxd4 Bc5 24. Qxc5 bxc5 25. f6 Qxd1+ 0-1

[Event "Early-Titled-Tuesday-Blitz-September-05-2023"]
[Site "Chess.com"]
[Date "2023.09.05"]
[Round "11"]
[White "GamayevOleg"]
[Black "AsaHoffmann"]
[Result "1/2-1/2"]
[WhiteElo "2576"]
[BlackElo "2378"]
[TimeControl "180+1"]
[EndTime "10:02:23 PDT"]
[Termination "Game drawn - insufficient material"]

1. d3 Nf6 2. e4 c6 3. Nf3 d5 4. Nbd2 Bg4 5. Be2 e6 6. Ng5 Bxe2 7. Qxe2 h6 8. Ngf3 Be7 9. O-O O-O 10. c3 Nbd7 11. Re1 dxe4 12. Nxe4 Nc5 13. Nxc5 Bxc5 14. d4 Bd6 15. Ne5 Bxe5 16. Qxe5 Qd5 17. Bf4 Qxe5 18.
Bxe5 Nd7 19. Bg3 Rfe8 20. f3 c5 21. Rad1 Rac8 22. d5 e5 23. c4 f6 24. b3 a6 25. Rd2 b5 26. Rde2 bxc4 27. bxc4 Rb8 28. f4 Rb4 29. fxe5 fxe5 30. Bxe5 Nxe5 31. Rxe5 Rxe5 32.
Rxe5 Rxc4 33. d6 Rd4 34. Rxc5 Rxd6 35. Ra5 Rf6 36. h3 Kf7 37. Kh2 Ke7 38. g4 Kd7 39. Kg3 Kc7 40. h4 Kb6 41. Ra3 a5 42. g5 hxg5 43. hxg5 Rf5 44. Kg4 g6 45. Rb3+ Kc5 46.
Re3 Rf2 47. Re6 Rxa2 48. Rxg6 Rg2+ 49. Kf5 Kb4 50. Rb6+ Ka3 51. Ra6 a4 52. g6 Kb3 53.
Kf6 a3 54. Kf7 Kb2 55. g7 Rxg7+ 56. Kxg7 a2 57. Rxa2+ Kxa2 1/2-1/2

[Event "Early-Titled-Tuesday-Blitz-September-05-2023"]
[Site "Chess.com"]
[Date "2023.09.05"]
[Round "11"]
[White "jsdbv18"]
[Black "hansen"]
[Result "0-1"]
[WhiteElo "2623"]
[BlackElo "2852"]
[TimeControl "180+1"]
[EndTime "10:02:33 PDT"]
[Termination "hansen won by resignation"]

1. d4 Nf6 2. c4 e6 3. Nf3 Bb4+ 4. Nbd2 d5 5. e3 O-O 6. a3 Be7 7. Bd3 Nbd7 8. c5 e5 9. Nxe5 Nxe5 10. dxe5 Nd7 11. Qc2 g6 12. e6 Nxc5 13. exf7+ Rxf7 14.
Nf3 Nxd3+ 15. Qxd3 Bf5 16. Qd1 Bd6 17. Nd4 Bd7 18.
Bd2 Qg5 19. g3 c5 20. Ne2 Bg4 21. Qb3 Bf3 22. Rg1 Qf5 23. Nf4 g5 24. Ng2 c4 25.
Qc3 Be5 26. Qb4 Qd3 0-1

[Event "Early-Titled-Tuesday-Blitz-September-05-2023"]
[Site "Chess.com"]
[Date "2023.09.05"]
[Round "11"]
[White "korbul"]
[Black "AdrianaPalao"]
[Result "1-0"]
[WhiteElo "2566"]
[BlackElo "2110"]
[TimeControl "180+1"]
[EndTime "10:02:45 PDT"]
[Termination "korbul won by resignation"]

1. e4 e5 2. Nf3 Nc6 3. Bc4 Nf6 4. d3 Be7 5. O-O O-O 6. a4 d6 7. a5 Be6 8. a6 Bxc4 9. axb7 Rb8 10. dxc4 Rxb7 11.
Nc3 h6 12. b3 Nh7 13. Nd5 f5 14. exf5 Rxf5 15. Nxe7+ Qxe7 16. Qd5+ Kh8 17. Qxc6 Rb6 18. Qe4 Rf8 19. Rxa7 Nf6 20. Qg6 e4 21. Nd4 d5 22.
Nf5 Qd7 23. Nh4 dxc4 24. Be3 Re6 25. Qf5 Nh7 26. Ng6+ 1-0

[Event "Early-Titled-Tuesday-Blitz-September-05-2023"]
[Site "Chess.com"]
[Date "2023.09.05"]
[Round "11"]
[White "DenLaz"]
[Black "Bauman_Guy"]
[Result "1-0"]
[WhiteElo "3069"]
[BlackElo "2873"]
[TimeControl "180+1"]
[EndTime "10:02:47 PDT"]
[Termination "DenLaz won by resignation"]

1. d4 Nf6 2. c4 b6 3. Nc3 Bb7 4. Qc2 e6 5. e4 Bb4 6. e5 Ne4 7.
Nf3 O-O 8. Bd3 f5 9. exf6 Nxf6 10. Bg5 h6 11. Bh4 Nc6 12. O-O-O Be7 13. a3 Nh5 14. Bg3 Nf4 15. Bxf4 Rxf4 16. d5 exd5 17.
cxd5 Na5 18. Ne5 Bg5 19. Kb1 Rf6 20. g3 d6 21. h4 Bxh4 22. Ng4 Bg5 23. f4 Rf8 24. fxg5 Qxg5 25. Rh4 Rae8 26. Rdh1 Bxd5 27. Nxd5 Qxd5 28. Nxh6+ gxh6 29. Bc4 Nxc4 30. Qg6+ 1-0

[Event "Early-Titled-Tuesday-Blitz-September-05-2023"]
[Site "Chess.com"]
[Date "2023.09.05"]
[Round "11"]
[White "WilsonPalencia21"]
[Black "TanitoluwaAps116"]
[Result "0-1"]
[WhiteElo "2549"]
[BlackElo "2767"]
[TimeControl "180+1"]
[EndTime "10:02:47 PDT"]
[Termination "TanitoluwaAps116 won by resignation"]

1. d4 Nf6 2. c4 e6 3. Nf3 b6 4. g3 Ba6 5. Qc2 Bb7 6. Bg2 c5 7.
d5 exd5 8. cxd5 Nxd5 9. O-O Nc6 10.
Rd1 Be7 11. a3 Nf6 12. e4 O-O 13. e5 Ne8 14. Nc3 Nc7 15. Be3 Ne6 16. Rd2 Ncd4 17. Nxd4 cxd4 18. Bxd4 Bxg2 19. Kxg2 f6 20. Rad1 Nxd4 21.
Rxd4 fxe5 22. Rxd7 Qe8 23. Qb3+ Kh8 24. Qe6 Rxf2+ 25.
Kh1 Qh5 0-1

[Event "Early-Titled-Tuesday-Blitz-September-05-2023"]
[Site "Chess.com"]
[Date "2023.09.05"]
[Round "11"]
[White "LileKoridze"]
[Black "viktorgen2021"]
[Result "0-1"]
[WhiteElo "2389"]
[BlackElo "2497"]
[TimeControl "180+1"]
[EndTime "10:02:47 PDT"]
[Termination "viktorgen2021 won by resignation"]

1. d4 Nf6 2. c4 g6 3. Nc3 Bg7 4. e4 O-O 5. Nf3 d6 6. Be2 e5 7.
O-O Na6 8. Be3 Qe8 9. dxe5 dxe5 10. c5 Ng4 11. Qc1 Nxe3 12. Qxe3 Nb4 13. Rac1 a6 14. a3 Nc6 15. Nd5 Qd8 16. Rfd1 Nd4 17. Bc4 c6 18. Nb6 Rb8 19. Ng5 Qe7 20. f4 exf4 21. Qxf4 Be6 22. Nxe6 fxe6 23. Qe3 Rbd8 24. b4 Be5 25. Rf1 Nf3+ 26. Kh1 Nxh2 27. Qh3 Nxf1 28. Rxf1 Rxf1+ 29. Bxf1 Rd1 30. Kg1 Bd4+ 0-1

[Event "Early-Titled-Tuesday-Blitz-September-05-2023"]
[Site "Chess.com"]
[Date "2023.09.05"]
[Round "11"]
[White "nrvignesh"]
[Black "Druid24"]
[Result "1-0"]
[WhiteElo "2850"]
[BlackElo "2679"]
[TimeControl "180+1"]
[EndTime "10:02:51 PDT"]
[Termination "nrvignesh won by resignation"]

1. Nf3 d5 2. g3 Nd7 3. d4 Nb6 4.
a4 Bf5 5. Nc3 e6 6. Nh4 Bg6 7. Bg2 Be7 8. Nxg6 hxg6 9. a5 Nd7 10.
a6 b6 11. e4 c6 12. O-O Rc8 13. exd5 cxd5 14. Nb5 Ra8 15. Bf4 Kf8 16. c4 Ngf6 17.
Rc1 Rh5 18. Re1 dxc4 19. Bxa8 Rxb5 20. Bc6 Rxb2 21. Rxc4 b5 22. Rc2 Rxc2 23. Qxc2 b4 24. Rc1 Nb6 25. Bb7 Qxd4 26. Be3 Qd6 27. Qc7 Qxc7 28. Rxc7 b3 29. Bxb6 b2 30. Rc8+ 1-0

[Event "Early-Titled-Tuesday-Blitz-September-05-2023"]
[Site "Chess.com"]
[Date "2023.09.05"]
[Round "11"]
[White "kasun_bole"]
[Black "JaloliddinIlkhomi"]
[Result "0-1"]
[WhiteElo "2412"]
[BlackElo "2575"]
[TimeControl "180+1"]
[EndTime "10:02:55 PDT"]
[Termination "JaloliddinIlkhomi won by resignation"]

1. d4 Nf6 2. c4 e6 3. Nf3 b6 4.
Bg5 Bb7 5. Qc2 Be7 6. Nbd2 h6 7. Bh4 d5 8. e3 Nbd7 9. Bd3 c5 10. O-O O-O 11.
Rac1 Rc8 12. Qa4 a5 13. Bg3 Ne4 14. Rfd1 Nxg3 15. hxg3 cxd4 16. Nxd4 Nc5 17. Qc2 dxc4 18. Bxc4 Qc7 19. Be2 Rfd8 20. Bf3 Bxf3 21. N2xf3 Bf6 22. Nb5 Qe7 23. Rxd8+ Rxd8 24. Rd1 Rxd1+ 25. Qxd1 Bxb2 26. Nfd4 Bxd4 27. Qxd4 Qd7 28. Nd6 Kf8 29. e4 Nxe4 30. Qxe4 Qxd6 31. Qa8+ Ke7 32. Qb7+ Kf6 33. Qf3+ Kg6 34.
Qe4+ f5 35. Qc4 Qd5 36. Qc7 Qxa2 37. Qxb6 a4 38. Kh2 a3 39. Qa6 Qb3 40. f3 a2 41. Kh3 Kh7 42. g4 Qb1 43. Qxe6 a1=Q 44. gxf5 Qf6 0-1

[Event "Early-Titled-Tuesday-Blitz-September-05-2023"]
[Site "Chess.com"]
[Date "2023.09.05"]
[Round "11"]
[White "HajiyevKanan"]
[Black "TrenerChos"]
[Result "0-1"]
[WhiteElo "2471"]
[BlackElo "2604"]
[TimeControl "180+1"]
[EndTime "10:03:01 PDT"]
[Termination "TrenerChos won by resignation"]

1. d4 Nf6 2. Nf3 g6 3. e3 Bg7 4.
Be2 Kf8 5. O-O Kg8 6. b3 h6 7. Bb2 Kh7 8. c4 Re8 9. Nc3 d6 10. d5 e5 11. dxe6 Bxe6 12. Nd4 Bd7 13. Bf3 Nc6 14. Nd5 Nxd5 15. Nxc6 bxc6 16. Bxg7 Nxe3 17. fxe3 Kxg7 18. Qd4+ Re5 19. c5 Qe7 20. cxd6 cxd6 21. Rad1 d5 22. e4 c5 23. Qb2 d4 24. b4 Rb8 25. a3 a5 26. Rc1 axb4 27. axb4 Rxb4 28.
Qa3 Bc6 29. Qa2 Bxe4 30. Bxe4 Rxe4 31. Rxc5 Re1 32. Rc1 Rxc1 0-1

[Event "Early-Titled-Tuesday-Blitz-September-05-2023"]
[Site "Chess.com"]
[Date "2023.09.05"]
[Round "11"]
[White "suspiciumchess"]
[Black "Dmitry_Konenkin"]
[Result "1-0"]
[WhiteElo "2298"]
[BlackElo "2382"]
[TimeControl "180+1"]
[EndTime "10:03:02 PDT"]
[Termination "suspiciumchess won by checkmate"]

1. d4 d6 2. Nf3 Bg4 3. Nbd2 Nd7 4. b3 d5 5. Bb2 e6 6. c4 c6 7. h3 Bh5 8. e3 Bd6 9. Bd3 f5 10. cxd5 cxd5 11. g4 Bg6 12. gxf5 Bxf5 13. Bxf5 exf5 14. Qc2 g6 15. h4 Ngf6 16. Ne5 Qe7 17. Ndf3 O-O 18.
Ke2 Rae8 19. Rag1 Ng4 20. h5 Kg7 21. hxg6 hxg6 22. Rxg4 fxg4 23. Qxg6# 1-0

[Event "Early-Titled-Tuesday-Blitz-September-05-2023"]
[Site "Chess.com"]
[Date "2023.09.05"]
[Round "11"]
[White "kikoveiga"]
[Black "vladgoncharov"]
[Result "0-1"]
[WhiteElo "2591"]
[BlackElo "2566"]
[TimeControl "180+1"]
[EndTime "10:03:05 PDT"]
[Termination "vladgoncharov won by resignation"]

1. c4 Nf6 2. Nc3 c5 3. g3 Nc6 4.
Bg2 g6 5. e4 Bg7 6. Nge2 d6 7.
O-O O-O 8. a3 Ne8 9. Rb1 Rb8 10. b4 b6 11. d3 Nc7 12. Be3 Nd4 13.
h3 Bb7 14. f4 e6 15. Qd2 f5 16. bxc5 dxc5 17. e5 Bxg2 18. Kxg2 Nc6 19. Rfd1 Qe7 20.
d4 cxd4 21. Nxd4 Nxd4 22. Qxd4 Rfd8 23. Qd6 Rxd6 24. exd6 Qd7 25. dxc7 Qxc7 26. Nb5 Qxc4 27. Nxa7 Qa2+ 28. Kg1 Qxa3 29. Bxb6 Rxb6 30. Rd8+ Bf8 31.
Rxb6 Qe3+ 0-1

[Event "Early-Titled-Tuesday-Blitz-September-05-2023"]
[Site "Chess.com"]
[Date "2023.09.05"]
[Round "11"]
[White "gm_rashid"]
[Black "DrDreBeats"]
[Result "0-1"]
[WhiteElo "2405"]
[BlackElo "2561"]
[TimeControl "180+1"]
[EndTime "10:03:06 PDT"]
[Termination "DrDreBeats won by checkmate"]

1. e4 d5 2. exd5 Qxd5 3. Nc3 Qa5 4. d4 Nf6 5. Nf3 Nc6 6. Bf4 Bg4 7. Be2 O-O-O 8.
Be3 e5 9. O-O Bxf3 10. Bxf3 exd4 11. Bxc6 bxc6 12. Bxd4 c5 13. b4 Qxb4 14. Rb1 Qxd4 15. Qe2 Qxc3 16. Qa6+ Kd7 17. Rbd1+ Bd6 18. Qb5+ Ke7 19.
Rfe1+ Kf8 20. Qa4 g6 21. Qh4 Kg7 22. g3 Rhe8 23. Rf1 Be5 24. Rb1 Bd4 25. Rb7 Qf3 26. Rb3 Bxf2+ 27. Rxf2 Re1+ 28. Rf1 Qxf1# 0-1

[Event "Early-Titled-Tuesday-Blitz-September-05-2023"]
[Site "Chess.com"]
[Date "2023.09.05"]
[Round "11"]
[White "colegiodemadrid"]
[Black "Mesa_1"]
[Result "0-1"]
[WhiteElo "2469"]
[BlackElo "2590"]
[TimeControl "180+1"]
[EndTime "10:03:15 PDT"]
[Termination "Mesa_1 won by resignation"]

1. e4 c5 2. Nf3 d6 3. d4 cxd4 4.
Nxd4 Nf6 5. Nc3 a6 6. Bg5 Nbd7 7. f4 Qa5 8. Qf3 h6 9. Bxf6 Nxf6 10. f5 g5 11.
fxg6 fxg6 12. h3 Bg7 13. O-O-O O-O 14. Qg3 Kh7 15. Bd3 Nh5 16. Qe3 Qc5 17. Be2 Nf4 18.
Qd2 Bd7 19. Bf3 Rac8 20. h4 h5 21. Nce2 Nxe2+ 22. Nxe2 Bh6 0-1

[Event "Early-Titled-Tuesday-Blitz-September-05-2023"]
[Site "Chess.com"]
[Date "2023.09.05"]
[Round "11"]
[White "smilingice"]
[Black "mamey78"]
[Result "0-1"]
[WhiteElo "2428"]
[BlackElo "2589"]
[TimeControl "180+1"]
[EndTime "10:03:16 PDT"]
[Termination "mamey78 won by resignation"]

1. e4 e5 2. Nf3 Nc6 3. d4 exd4 4.
Bc4 Nf6 5. e5 d5 6. Bb5 Ne4 7.
Nxd4 Bc5 8. Be3 O-O 9. Nxc6 bxc6 10. Bxc5 Nxc5 11. Bxc6 Rb8 12. Bxd5 Ba6 13. c4 c6 14.
Bxc6 Nd3+ 15. Kf1 Bxc4 16. Kg1 Nxe5 17. Qxd8 Rfxd8 18. Bf3 Rxb2 19. Nc3 Rc2 20. Nd1 Rxa2 21. Rxa2 Bxa2 22. Ne3 Rb8 23. Be2 Rb1+ 24. Nf1 Bc4 25. f4 Bxe2 26. Kf2 Rxf1+ 0-1

[Event "Early-Titled-Tuesday-Blitz-September-05-2023"]
[Site "Chess.com"]
[Date "2023.09.05"]
[Round "11"]
[White "Jumbo"]
[Black "wqws"]
[Result "1-0"]
[WhiteElo "2897"]
[BlackElo "2645"]
[TimeControl "180+1"]
[EndTime "10:03:23 PDT"]
[Termination "Jumbo won by resignation"]

1. e4 c5 2. Ne2 d6 3. Nbc3 Nf6 4. g3 Nc6 5. Bg2 h5 6. h3 h4 7. g4 e5 8. d3 Be7 9. f4 Nd4 10. Be3 Bxg4 11. hxg4 Nxg4 12. Bg1 h3 13. Rxh3 Rxh3 14.
Bxh3 Bh4+ 15. Kf1 Qd7 16. Kg2 f5 17. Nxd4 cxd4 18. Nd5 O-O-O 19. Bxg4 fxg4 20. f5 g6 21. Qxg4 gxf5 22. Qxf5 Rg8+ 23. Kh1 Bg5 24. Rf1 Kd8 25.
Qxd7+ Kxd7 26. Rf7+ Kc8 27. c3 dxc3 28. bxc3 Kb8 1-0

[Event "Early-Titled-Tuesday-Blitz-September-05-2023"]
[Site "Chess.com"]
[Date "2023.09.05"]
[Round "11"]
[White "dropstoneDP"]
[Black "HansOnTwitch"]
[Result "1-0"]
[WhiteElo "3022"]
[BlackElo "3053"]
[TimeControl "180+1"]
[EndTime "10:03:26 PDT"]
[Termination "dropstoneDP won by resignation"]

1. e4 e5 2. Nf3 Nc6 3. Nc3 Nf6 4. d4 exd4 5. Nxd4 Bb4 6. Nxc6 bxc6 7. Bd3 O-O 8. O-O d5 9. exd5 cxd5 10. h3 Rb8 11.
Be3 c5 12. a3 Bxc3 13. bxc3 Qa5 14. c4 Be6 15. cxd5 Nxd5 16. Bd2 Qa4 17. Qh5 g6 18. Qe5 Rfe8 19. Bh6 Qd4 20. Qxd4 cxd4 21.
Rfb1 Nc3 22. Rb4 Rbd8 23. Re1 a5 24. Rb7 Rb8 25. Rxb8 Rxb8 26. Re5 a4 27. Ra5 f6 28. Ra6 Kf7 29. Ra7+ Kg8 30. Rg7+ Kh8 31. Re7 Bf5 32.
Bg7+ Kg8 33. Bc4+ 1-0

[Event "Early-Titled-Tuesday-Blitz-September-05-2023"]
[Site "Chess.com"]
[Date "2023.09.05"]
[Round "11"]
[White "Rutricks"]
[Black "BogdanDeac"]
[Result "0-1"]
[WhiteElo "2672"]
[BlackElo "3003"]
[TimeControl "180+1"]
[EndTime "10:03:42 PDT"]
[Termination "BogdanDeac won by resignation"]

1. Nf3 d5 2. b3 Nf6 3. Bb2 c5 4. e3 g6 5. Be2 Bg7 6. O-O O-O 7. c4 d4 8. exd4 Nh5 9. Ne5 cxd4 10. Bxh5 Bxe5 11. Bf3 Qc7 12. g3 Nc6 13. Na3 a6 14. c5 Nb4 15. Nc4 Qxc5 16. Qe2 Bf6 17. a3 d3 18. Qd1 Nc2 19. Rc1 Bxb2 20. Nxb2 Qxa3 21. Nxd3 Nd4 22. Bg2 Bf5 23. Nc5 Qxc1 24. Qxc1 Ne2+ 25.
Kh1 Nxc1 26. Rxc1 Rac8 27. Bxb7 Rc7 28. d4 Rxb7 29. Nxb7 Be4+ 30. Kg1 Bxb7 31. Rc7 Bd5 32. Rxe7 Bxb3 33. h4 Rd8 34. Ra7 Bc4 35. Rd7 Rxd7 0-1

[Event "Early-Titled-Tuesday-Blitz-September-05-2023"]
[Site "Chess.com"]
[Date "2023.09.05"]
[Round "11"]
[White "Dewarfd"]
[Black "LeoWin2012"]
[Result "0-1"]
[WhiteElo "2117"]
[BlackElo "2209"]
[TimeControl "180+1"]
[EndTime "10:03:51 PDT"]
[Termination "LeoWin2012 won by resignation"]

1. d4 d5 2. e3 Nf6 3. Nf3 Bf5 4.
Ne5 Nbd7 5. f3 e6 6. g4 Bg6 7. h4 h6 8. Nxg6 fxg6 9. Bd3 Kf7 10. h5 g5 11. Nc3 Bd6 12. f4 c5 13. dxc5 Nxc5 14. Bg6+ Ke7 15. Qf3 Qa5 16. Bd2 Qb6 17.
O-O-O a5 18. fxg5 hxg5 19. e4 dxe4 20. Qe3 Bf4 21. Qd4 Nd3+ 22. cxd3 Qxd4 23. dxe4 Bxd2+ 24. Rxd2 Qe5 25. Kb1 Rad8 26. Rc2 Nxg4 27. Rf1 Rhf8 28.
Rfc1 Nf6 29. a4 Rh8 30. Nb5 Nxh5 31. Rc7+ Rd7 32. Rxd7+ Kxd7 33. Rc7+ Qxc7 34. Nxc7 Kxc7 35. Kc2 Nf4 36. Bf7 Rf8 37. e5 Rxf7 38. Kc3 Rf5 39. Kd4 Kc6 0-1